 Dungeon Crawl Stone Soup version 0.19.1 (webtiles) character file.

260 Gargoyl the Skirmisher (level 6, -2/52 HPs)
             Began as a Ghoul Abyssal Knight on Dec 12, 2016.
             Was a Follower of Lugonu.
             Slain by Sigmund
             ... wielding a +1 scythe of venom
              (6 damage)
             ... on level 3 of the Dungeon.
             The game lasted 00:04:35 (2522 turns).

Gargoyl the Skirmisher (Ghoul Abyssal Knight)       Turns: 2522, Time: 00:04:35

Health: -2/52      AC: 10    Str: 16    XL:     6   Next: 17%
Magic:  7/7        EV:  4    Int:  7    God:    Lugonu [*.....]
Gold:   88         SH:  7    Dex: 10    Spells: 0 memorised, 5 levels left

rFire  + . .     SeeInvis .     a - +1 hand axe
rCold  + . .     Gourm    .     e - +0 chain mail
rNeg   + + +     Faith    .     l - +0 shield
rPois  ∞         Spirit   .     (no helmet)
rElec  .         Reflect  .     p - +0 cloak
rCorr  +         Harm     .     (no gloves)
MR     .....                    (no boots)
Stlth  ..........               (no amulet)
                                g - ring of protection from fire
                                f - ring of resist corrosion

@: rotting
A: rotting body, claws 1, carnivore 3, cold resistance 1, negative energy
resistance 3, slow regeneration 1, torment resistance, unbreathing
a: Depart the Abyss, Renounce Religion


You were on level 3 of the Dungeon.
You worshipped Lugonu.
Lugonu was aware of your devotion.
You were not hungry.

You visited 1 branch of the dungeon, and saw 3 of its levels.
You visited the Abyss 1 time.

You collected 88 gold pieces.

Inventory:

Hand Weapons
 a - a +1 hand axe (weapon)
Armour
 e - a +0 chain mail (worn)
 l - a +0 shield (worn)
 p - a +0 cloak (worn)
Jewellery
 f - a ring of resist corrosion (left claw)
 g - a ring of protection from fire (right claw)
Wands
 j - a wand of lightning (6/15)
Scrolls
 d - a scroll of fear {unknown}
 m - a scroll of identify {unknown}
 n - a scroll of teleportation {unknown}
 o - a scroll of fog {unknown}
 q - a scroll of enchant weapon {unknown}
 r - a scroll of blinking
 s - a scroll of amnesia {unknown}
 u - a scroll of noise {unknown}
Comestibles
 c - 2 meat rations
 h - a slice of pizza


   Skills:
 + Level 4.2 Fighting
 + Level 2.6 Axes
 * Level 4.1 Armour
 + Level 1.1 Dodging
 + Level 0.8 Shields
 * Level 3.0 Invocations


You had 5 spell levels left.
You didn't know any spells.

Dungeon Overview and Level Annotations

Branches:
Dungeon (3/15)

Altars:

Annotations:
D:3 Sigmund


Innate Abilities, Weirdness & Mutations

Your body is rotting away.
You thrive on raw meat.
You are immune to poison.
You have sharp fingernails.
You are carnivorous and can eat meat at any time.
Your flesh is cold resistant. (rC+)
You are immune to negative energy. (rN+++)
You regenerate slowly when monsters are visible.
You are immune to unholy pain and torment.
You can survive without breathing.


Message History

You closely miss something. You miss something. Something hits you.
You bump into the rock wall.
Something hits you. Something hits you! Something hits you but does no damage.
You feel less confused. Something hits you but does no damage.
Something hits you.
* * * LOW HITPOINT WARNING * * *
You miss something. Something hits you.
* * * LOW HITPOINT WARNING * * *
Unknown command.
You miss something. You hit something. Something hits you.
* * * LOW HITPOINT WARNING * * *
You aren't carrying any potions.
You closely miss something. Something hits you but does no damage.
You miss something. Something hits you but does no damage.
You miss something. Something hits you.
You die...

#......#.##.##.....#.####.#### .
#....#.#.##.########.#.##.### ..
#................^...#......#
...#...#....##[#####....#.##.#.#
#....###........<....##.#..#.#.#
#$...........#+#.[.........#.#.#
########.#...................#.##
............#..).......#...
#....#......@.#........#.####
#...........{###########.#
#...##..##+#... ..# #... #.>.
###... ### #... ##### ..... ....
<... ...


There were no monsters in sight!

Vanquished Creatures
  The ghost of loom the Conjurer, an amateur VSCj of Sif Muna (D:3)
  A gnoll (D:1)
  6 adders (D:2)
  A worm (D:2)
  3 dart slugs
  3 leopard geckos (D:2)
  3 orcs (D:3)
  3 giant cockroaches
  2 goblins (D:2)
  6 hobgoblins
  A ball python (D:2)
  4 bats (D:1)
  4 frilled lizards (D:2)
  2 kobolds (D:1)
  3 rats
43 creatures vanquished.

Notes
Turn   | Place    | Note
-------+----------+-------------------------------------------
     0 | Abyss:1  | Gargoyl the Ghoul Abyssal Knight began the quest for the Orb.
     0 | Abyss:1  | Reached XP level 1. HP: 19/19 MP: 1/1
   155 | Abyss:1  | Noticed a starcursed mass
   155 | D:1      | Escaped the Abyss
   398 | D:1      | Reached XP level 2. HP: 25/26 MP: 2/2
   514 | D:1      | Reached * piety under Lugonu
   738 | D:1      | Reached XP level 3. HP: 32/33 MP: 3/3
  1099 | D:2      | Reached skill level 1 in Dodging
  1360 | D:2      | Reached XP level 4. HP: 25/40 MP: 4/4
  2172 | D:3      | Reached XP level 5. HP: 45/46 MP: 5/5
  2219 | D:3      | Noticed loom's ghost (amateur VSCj)
  2247 | D:3      | Killed loom's ghost
  2247 | D:3      | Reached XP level 6. HP: 42/52 MP: 5/7
  2259 | D:3      | Noticed Sigmund
  2522 | D:3      | Slain by Sigmund

Skill      XL: |  1  2  3  4  5 |
---------------+----------------+-----
Armour         | 2 3 4 |  4.1
Dodging        | 1 |  1.1
Fighting       | 4 |  4.2
Axes           | 2 |  2.6
Invocations    | 3 |  3.0
Shields        | |  0.8

Action                   |  1- 3 |  4- 6 || total
-------------------------+-------+-------++-------
Melee: Hand axe          |    80 |   121 ||   201
Invok: Depart the Abyss  |     1 |       ||     1
  Use: Scroll            |     2 |       ||     2
       Potion            |       |     3 ||     3
  Eat: Chunk             |     8 |     8 ||    16
Armor: Chain mail        |    54 |    81 ||   135
Dodge: Dodged            |    33 |    20 ||    53
Block: Shield            |    13 |    37 ||    50
